 Dungeon Crawl Stone Soup version 0.21.0-24-g2553a33 (webtiles) character file.

40 komo4ek the Grave Robber (level 3, 0/28 HPs)
             Began as a Hill Orc Necromancer on Jan 21, 2018.
             Slain by an adder (5 damage)
             ... on level 2 of the Dungeon.
             The game lasted 00:02:57 (1419 turns).

komo4ek the Grave Robber (Hill Orc Necromancer)     Turns: 1419, Time: 00:02:58

Health: 0/28       AC:  2    Str: 10    XL:     3   Next: 50%
Magic:  0/5        EV: 12    Int: 16    God:
Gold:   54         SH:  0    Dex: 11    Spells: 3/5 levels left

rFire    . . .     SeeInvis .   d - +0 club
rCold    . . .     Gourm    .   (no shield)
rNeg     . . .     Faith    .   a - +0 robe
rPois    +         Spirit   .   (no helmet)
rElec    .         Reflect  .   (no cloak)
rCorr    .         Harm     .   (no gloves)
MR       .....                  (no boots)
Stlth    ++........             (no amulet)
HPRegen  0.09/turn              f - ring of poison resistance
MPRegen  0.09/turn              (no ring)

@: very slightly contaminated
A: no striking features
a: no special abilities


You were on level 2 of the Dungeon.
You were hungry.

You visited 1 branch of the dungeon, and saw 2 of its levels.

You collected 54 gold pieces.

Inventory:

Hand Weapons
 d - a +0 club (weapon)
Armour
 a - a +0 robe (worn)
Jewellery
 f - a ring of poison resistance (left hand)
 j - an uncursed ring of ice {unknown}
Scrolls
 g - a scroll of enchant armour {unknown}
Potions
 e - a potion of haste {unknown}
 h - 2 potions of curing {unknown}
 i - 2 potions of heal wounds {unknown}
Books
 b - a book of Necromancy

   Spells                             Type                      Level
   a - Pain                           Necromancy                   1
   b - Animate Skeleton               Necromancy                   1
   c - Vampiric Draining              Necromancy                   3
   d - Regeneration                   Charms/Necromancy            3
   e - Animate Dead                   Necromancy                   4
   f - Borgnjor's Vile Clutch         Necromancy/Earth             5
Comestibles
 c - 3 rations


   Skills:
 + Level 1.3 Fighting
 + Level 1.2 Armour
 + Level 2.0 Dodging
 - Level 1.5 Stealth
 + Level 1.9 Spellcasting
 + Level 4.2 Necromancy


You had 3 spell levels left.
You knew the following spells:

 Your Spells              Type           Power        Failure   Level  Hunger
a - Pain                  Necr           ###.         3%          1    #......
b - Animate Skeleton      Necr           N/A          3%          1    #......


Dungeon Overview and Level Annotations

Branches:
Dungeon (2/15)

Altars:


Message History

Aim: an adder (chance to defeat MR: 80%)
You miscast Pain.
You are very lightly contaminated with residual magic.
Nothing appears to happen.
You barely miss the adder. The adder closely misses you. The adder bites you.
You barely miss the adder. The adder misses you. The adder closely misses you.
You closely miss the adder. The adder bites you. x2
A jackal comes into view.
You closely miss the adder. The adder closely misses you.
A jackal comes into view.
You closely miss the adder. The adder bites you. x2
* * * LOW HITPOINT WARNING * * *
The jackal barks!
You hit the adder.
The adder is lightly wounded.
You hear a shout!
The adder bites you.
* * * LOW HITPOINT WARNING * * *
The adder bites you.
You die...

.. #.# .## #.###
...h.... .......
#..#h.# #...h.
#..#h# ######..#S# #
........#@#..##.
#...............
######.#$##..#.#
###.#.###.#
#...........
#.#.#.####..# ..
#.#.#.# # ..##
#####.#.#.###
....####<...........


You could see an adder and 4 jackals.

Vanquished Creatures
  An ooze (D:1)
  2 dart slugs (D:1)
  2 leopard geckos (D:1)
  A ball python (D:1)
  2 bats (D:1)
  2 giant cockroaches
  5 hobgoblins (D:1)
  4 kobolds
  A quokka (D:2)
  3 goblins (D:1)
  3 rats (D:1)
26 creatures vanquished.

Notes
Turn   | Place    | Note
-------+----------+-------------------------------------------
     0 | D:1      | komo4ek the Hill Orc Necromancer began the quest for the Orb.
     0 | D:1      | Reached XP level 1. HP: 14/14 MP: 3/3
   189 | D:1      | Reached XP level 2. HP: 20/22 MP: 1/4
   554 | D:1      | Learned a level 1 spell: Animate Skeleton
   634 | D:1      | Reached skill level 1 in Fighting
   722 | D:1      | Reached skill level 1 in Armour
   781 | D:1      | Reached XP level 3. HP: 13/28 MP: 0/5
  1419 | D:2      | Slain by an adder

Skill      XL: |  1  2  3 |
---------------+----------+-----
Fighting       | 1 |  1.3
Armour         | 1 |  1.2
Dodging        | 2 |  2.0
Stealth        | |  1.5
Spellcasting   | |  1.9
Necromancy     | |  4.2

Action                   || total
-------------------------++-------
Melee: Club              ||    23
 Cast: Pain              ||    46
       Animate Skeleton  ||     4
  Eat: Chunk             ||     2
Armor: Robe              ||     3
Dodge: Dodged            ||    12
